 Dungeon Crawl Stone Soup version 0.30-b1-7-gcb88a99046 (webtiles) character file.

Game seed: 16448466400304075219

28 NinjaNoafa the Insei (level 3, -2/23 HPs)
             Began as an Octopode Transmuter on May 5, 2023.
             Slain by a goblin
             ... wielding a +0 club
              (4 damage)
             ... on level 2 of the Dungeon.
             The game lasted 00:03:48 (812 turns).

NinjaNoafa the Insei (Octopode Transmuter)           Turns: 812, Time: 00:03:49

Health: -2/23      AC:  1    Str:  9    XL:     3   Next: 14%
Magic:  7/7        EV: 13    Int: 17    God:
Gold:   45         SH:  0    Dex: 12    Spells: 6/7 levels left

rFire   . .          .
                       - Unarmed
rCold   . . .        (no shield)
rNeg    . . .        (helmet currently unavailable)
rPois   .            (no amulet)
rElec   .            (no ring)
rCorr   .            (no ring)
SInv    .            (no ring)
Will    .....        (no ring)
Stlth   ++           (no ring)
HPRegen 0.23/turn    (no ring)
MPRegen 0.10/turn    (no ring)
                     (no ring)

%: no passive effects
@: appendages (expiring)
A: tentacle spike 3, almost no armour, amphibious, 8 rings, camouflage 1,
gelatinous body 1, (nimble swimmer 1), tentacles
a: End Transformation


You were on level 2 of the Dungeon.
One of your tentacles had grown a beastly spike.
You visited 1 branch of the dungeon, and saw 2 of its levels.

You collected 45 gold pieces.

Inventory:

Scrolls
 e - a scroll of poison {unknown}
 f - a scroll of enchant weapon {unknown}
Potions
 a - a potion of lignification
 b - 2 potions of resistance {unknown}
 c - a potion of mutation {unknown}
 d - a potion of heal wounds {unknown}


   Skills:
 - Level 1.0 Fighting
 - Level 2.0 Dodging
 - Level 3.0 Unarmed Combat
 + Level 2.8 Spellcasting
 + Level 2.7 Transmutations


You had 6 spell levels left.
You knew the following spells:

 Your Spells              Type           Power      Damage    Failure   Level
a - Beastly Appendage     Tmut           22%        N/A       6%          1

Your spell library contained the following spells:

 Spells                   Type           Power      Damage    Failure   Level
 Wereblood                Tmut           11%        N/A       9%          2
 Spider Form              Tmut/Pois      7%         N/A       30%         3
 Ice Form                 Ice/Tmut       7%         N/A       71%         4


Dungeon Overview and Level Annotations

Branches:
Dungeon (2/15) Zot: 11189

Altars:

Shops:
D:1 =


Innate Abilities, Weirdness & Mutations

One of your tentacles has grown a beastly spike.
You cannot wear most types of armour.
You are amphibious.
You can wear up to eight rings at the same time.
Your skin changes colour to match your surroundings (Stealth+).
Your rubbery body absorbs attacks. (AC +1, EV +1)
((You are camouflaged when in or above water. (Stealth+)))
You have tentacles for arms and can constrict up to eight enemies at once.


Message History

Done exploring.
(D) Dungeon
Where to? (Enter - D:2, ? - help)
You see here a +0 club.
There is a stone staircase leading down here.
You climb downwards.
Found a red potion, 5 stones and 2 gold pieces.
There is a stone staircase leading up here.
There are monsters nearby!
There are monsters nearby!
There are monsters nearby!
There are monsters nearby!
There are monsters nearby!
Casting: Beastly Appendage (safe; 6% risk of failure)
Confirm with . or Enter, or press ? or * to list all spells.
One of your tentacles grows a vicious spike.
The helpless worm fails to defend itself.
You tentacle-slap the worm. You grab the worm.
You pierce the worm.
The worm is heavily wounded.
You constrict the worm. You tentacle-slap the worm.
You pierce the worm, but do no damage.
The worm is severely wounded.
You constrict the worm. The worm bites you!
You tentacle-slap the worm.
You pierce the worm.
You squeeze the worm, but do no damage.
The worm is almost dead.
You constrict the worm. The worm bites you!
* * * LOW HITPOINT WARNING * * *
Unknown command.
Unknown command.
You release your grip on the worm.
The goblin hits you with a +0 club.
* * * LOW HITPOINT WARNING * * *
Unknown command.
Your transformation is almost over.
Unknown command.
You tentacle-slap the goblin but do no damage.
Your grab misses the goblin.
You pierce the goblin, but do no damage.
Your squeeze misses the goblin. The goblin hits you with a +0 club.
You die...

### # ##.. ... .
...## ... .##...
... .... ...
#..##.###.
#.........
##@......($
####.g<.......
#..w....!.....
......##..........
##.## #....###..#.
#..### .# ...# #
..... .....#


You could see a worm and a goblin.

Vanquished Creatures
  2 bats (D:1)
  3 endoplasms (D:1)
  A giant cockroach (D:1)
  2 goblins (D:1)
  2 hobgoblins (D:1)
  2 jackals (D:1)
  3 kobolds (D:1)
  A quokka (D:1)
  2 ball pythons (D:1)
  3 frilled lizards (D:1)
  4 rats (D:1)
  A spectral kobold (D:1)
26 creatures vanquished.

Notes
Turn   | Place    | Note
-------+----------+-------------------------------------------
     0 | D:1      | NinjaNoafa the Octopode Transmuter began the quest for the
                  | Orb.
     0 | D:1      | Reached XP level 1. HP: 13/13 MP: 3/3
   123 | D:1      | Reached XP level 2. HP: 18/18 MP: 3/5
   416 | D:1      | Found Nubageoc's One-of-a-Kind Rings.
   476 | D:1      | Found a faded altar of an unknown god.
   572 | D:1      | Reached XP level 3. HP: 20/23 MP: 5/7
   812 | D:2      | Slain by a goblin

Illustrated notes

Levels and vault maps discovered:
D:1:      dpeg_arrival_water_temple_mockup, layout_loops_cross,
          dreamdust_ecumenical_altar_drowned_temple, serial_bayou,
          serial_bayou_pond_a, serial_bayou_shore_a, serial_bayou_lagoon_a,
          serial_bayou_shore_b, serial_bayou_crossing, nicolae_shop_unique_rings
D:2:      layout_rooms, minmay_door_square

Action                     || total
---------------------------++-------
  Melee: Unarmed           ||    50
         Tentacles         ||    10
         Constrict         ||    15
         Kick              ||    17
         Punch             ||     1
   Cast: Beastly Appendage ||    16
   Stab: Sleeping          ||     9
 Armour: Skin              ||     4
  Dodge: Dodged            ||    27
